 Dungeon Crawl Stone Soup version 0.20.1-1-g8b1a95d (webtiles) character file.

203 grizmgrazm2 the Sneak (level 5, -14/38 HPs)
             Began as a Vampire Enchanter on Aug 10, 2017.
             Demolished by a soul eater (15 damage)
             ... summoned by a kobold demonologist
             ... on level 3 of the Dungeon.
             The game lasted 00:14:04 (3702 turns).

grizmgrazm2 the Sneak (Vampire Enchanter)           Turns: 3702, Time: 00:14:04

Health: -14/38     AC:  4    Str:  7    XL:     5   Next: 51%
Magic:  14/19      EV: 13    Int: 18    God:
Gold:   167        SH:  0    Dex: 15    Spells: 1/10 levels left

rFire    . . .     SeeInvis +   g - +0 dagger (curse)
rCold    + + .     Gourm    .   (no shield)
rNeg     + + +     Faith    .   b - +1 robe
rPois    ∞         Spirit   .   (no helmet)
rElec    .         Reflect  .   (no cloak)
rCorr    .         Harm     .   (no gloves)
MR       .....                  e - +0 pair of boots
Stlth    +++.......             (no amulet)
Regen    0.0/turn               k - ring of magical power
MPRegen  0.2/turn               (no ring)

@: bloodless, non-regenerating, very slow
A: fangs 3, see invisible, unbreathing
a: Bat Form


You were on level 3 of the Dungeon.
You were bloodless.

You visited 1 branch of the dungeon, and saw 3 of its levels.

You collected 167 gold pieces.

Inventory:

Hand Weapons
 a - a +1 dagger
 f - a +0 dagger (quivered)
 g - a cursed +0 dagger (weapon)
Armour
 b - a +1 robe (worn)
 e - a +0 pair of boots (worn)
Jewellery
 k - a ring of magical power (left hand)
Wands
 m - a wand of flame (24/48)
Potions
 d - 19 potions of blood
 h - 3 potions of curing
 i - a potion of ambrosia {unknown}
 l - a potion of lignification {unknown}
Books
 c - a book of Maledictions

   Spells                             Type                      Level
   a - Corona                         Hexes                        1
   b - Ensorcelled Hibernation        Hexes/Ice                    2
   c - Confuse                        Hexes                        3
   d - Tukima's Dance                 Hexes                        3
   e - Dazzling Spray                 Conjuration/Hexes            3


   Skills:
 + Level 1.7 Fighting
 + Level 2.1 Short Blades
 - Level 2.1 Dodging
 + Level 5.9 Stealth
 * Level 3.4 Spellcasting
 + Level 5.1 Hexes
 + Level 1.0 Ice Magic


You had one spell level left.
You knew the following spells:

 Your Spells              Type           Power        Failure   Level  Hunger
a - Ensorcelled Hibernat  Hex/Ice        ##....       7%          2    ##.....
b - Confuse               Hex            ###.....     6%          3    ###....
c - Corona                Hex            ###....      1%          1    None
d - Tukima's Dance        Hex            ###.....     6%          3    ###....


Dungeon Overview and Level Annotations

Branches:
Dungeon (3/15)

Altars:


Innate Abilities, Weirdness & Mutations

You do not heal naturally.
You are immune to poison.
You have razor-sharp teeth.
You have supernaturally acute eyesight. (SInv)
You can survive without breathing.


Message History

The kobold demonologist easily resists.
The kobold demonologist gestures wildly while chanting.
Casting: Confuse
Confirm with . or Enter, or press ? or * to list all spells.
Aiming: Confuse
Press: ? - help, Shift-Dir - straight line, f/p - kobold demonologist
Aim: a kobold demonologist, wielding a dagger and wearing a robe (chance to defeat MR: 33%)
The kobold demonologist easily resists.
The kobold demonologist gestures wildly while chanting.
You fail to use your ability.
The soul eater hits you!!
Ouch! That really hurt!
The hellwing closely misses you. The hellwing misses you.
The hellwing hits you.
* * * LOW HITPOINT WARNING * * *
The hellwing hits you!
* * * LOW HITPOINT WARNING * * *
You enter the shallow water.
Moving in this stuff is going to be slow.
The soul eater hits you!
You die...

...........#########..##.#.#
...........#8P.©.P8#.###...##
#..........#≈..[..≈#.####...#
####..####.####'####..###.#.###
...#....#.≈...≈.#......#...##
........#.≈...≈.#.....$.....#
.....##.#.≈≈P≈≈.#........$...#
..#.###.#.≈≈⌠≈≈.#............#
.... #.#.≈≈P@≈.#.<..........#
...####.#5≈.3.≈5#r..........##
.........#K≈.4.≈.#....>.....##
..........####'####........#.#
#....#(#..#P.....P#..........#
#....#.#.%#8P...P8#...........
≈.........#########...........
≈≈.........((.©..............
≈≈............%.########.....


You could see a soul eater, a hellwing, a kobold demonologist, 2 shadow imps and
a rat.

Vanquished Creatures
  2 orc priests (D:3)
  5 adders
  2 oozes
  4 worms
  2 dart slugs
  4 leopard geckos
  An orc (D:3)
  5 giant cockroaches
  9 hobgoblins
  4 jackals (D:1)
  A quokka (D:2)
  12 bats
  3 frilled lizards
  5 goblins
  9 kobolds
  8 rats
76 creatures vanquished.

Notes
Turn   | Place    | Note
-------+----------+-------------------------------------------
     0 | D:1      | grizmgrazm2 the Vampire Enchanter began the quest for the Orb.
     0 | D:1      | Reached XP level 1. HP: 13/13 MP: 3/3
   305 | D:1      | Reached XP level 2. HP: 7/20 MP: 3/5
   309 | D:1      | Learned a level 2 spell: Ensorcelled Hibernation
   686 | D:1      | HP: 1/20 [jackal (3)]
  1233 | D:1      | Reached XP level 3. HP: 24/25 MP: 3/6
  1238 | D:1      | Learned a level 3 spell: Confuse
  2063 | D:1      | Reached skill level 5 in Stealth
  2367 | D:2      | Reached skill level 1 in Fighting
  2368 | D:2      | Reached XP level 4. HP: 32/32 MP: 8/8
  3298 | D:3      | Learned a level 3 spell: Tukima's Dance
  3347 | D:3      | Reached XP level 5. HP: 37/37 MP: 9/9
  3514 | D:3      | Found a transporter.
  3514 | D:3      | Found a transporter.
  3548 | D:3      | Noticed a kobold demonologist
  3608 | D:3      | Reached skill level 5 in Hexes
  3619 | D:3      | Reached skill level 1 in Ice Magic
  3698 | D:3      | Noticed a hellwing
  3699 | D:3      | Noticed a soul eater
  3701 | D:3      | HP: 1/38 [hellwing[a kobold demonologist] (9)]
  3702 | D:3      | Demolished by a soul eater

Skill      XL: |  1  2  3  4  5 |
---------------+----------------+-----
Stealth        | 5 |  5.9
Fighting       | 1 |  1.7
Spellcasting   | 3 |  3.4
Short Blades   | 2 |  2.1
Hexes          | 5 |  5.1
Ice Magic      | 1 |  1.0
Dodging        | |  2.1

Action                   |  1- 3 |  4- 6 || total
-------------------------+-------+-------++-------
Melee: Dagger            |   128 |    56 ||   184
       Bite              |     6 |     1 ||     7
 Cast: Corona            |    10 |       ||    10
       Ensorcelled Hiber |    29 |    35 ||    64
       Confuse           |     6 |    12 ||    18
  Use: Scroll            |     1 |     1 ||     2
       Potion            |       |     2 ||     2
 Stab: Sleeping          |    23 |    30 ||    53
       Confused          |     2 |     3 ||     5
  Eat: Corpse            |       |     1 ||     1
Armor: Robe              |    35 |    24 ||    59
Dodge: Dodged            |    80 |    46 ||   126
